 Dungeon Crawl Stone Soup version 0.23-a0-310-gdcc7a32 (webtiles) character file.

777 tsouns the Cudgeler (level 7, -1/49 HPs)
             Began as an Octopode Wanderer on Oct 12, 2018.
             Was an Initiate of Gozag.
             Slain by Pikel
             ... wielding a +2 whip of electrocution
              (9 damage)
             ... on level 5 of the Dungeon.
             The game lasted 00:08:53 (4620 turns).

tsouns the Cudgeler (Octopode Wanderer)             Turns: 4620, Time: 00:08:57

Health: -1/49      AC:  1    Str: 18    XL:     7   Next: 84%
Magic:  7/7        EV: 13    Int: 15    God:    Gozag
Gold:   306        SH:  0    Dex: 10    Spells: 6/6 levels left

rFire    . . .     SeeInvis .   x - +1 whip (drain)
rCold    . . .     Gourm    .   (no shield)
rNeg     + . .     Faith    .   (helmet restricted)
rPois    .         Spirit   .   (no amulet)
rElec    .         Reflect  .   k - ring of wizardry
rCorr    .         Harm     .   n - ring of positive energy
MR       .....                  l - +4 ring of strength
Stlth    ++++......             (no ring)
HPRegen  0.16/turn              (no ring)
MPRegen  0.10/turn              (no ring)
                                (no ring)
                                (no ring)

@: no status effects
A: almost no armour, stealthy swim, amphibious, 8 rings, constrict 8, camouflage
1, gelatinous body 1
a: Potion Petition, Call Merchant, Bribe Branch, Renounce Religion


You were on level 5 of the Dungeon.
You worshipped Gozag.
Gozag was aware of your devotion.
You were not hungry.

You visited 1 branch of the dungeon, and saw 5 of its levels.

You collected 349 gold pieces.
You paid 43 gold pieces to Gozag.

Inventory:

Hand Weapons
 j - a +2 whip of freezing
 q - a +0 flail
 x - a +1 whip of draining (weapon)
 z - a +2 rapier of venom
Missiles
 m - 17 poisoned needles
 p - 47 stones (quivered)
Jewellery
 k - a ring of wizardry (left tentacle)
 l - a +4 ring of strength (on tentacle)
 n - a ring of positive energy (right tentacle)
Wands
 u - a wand of disintegration (16)
 y - a wand of random effects (29)
Scrolls
 b - a scroll of blinking
 e - 2 scrolls of remove curse
 g - 5 scrolls of teleportation
 r - a scroll of enchant armour
 w - 2 scrolls of amnesia
Potions
 c - a potion of resistance {unknown}
 d - a potion of lignification
 h - a potion of mutation
 i - a potion of berserk rage
 o - 2 potions of agility
 s - a potion of brilliance {unknown}
 t - 3 potions of haste
 v - 4 potions of curing
Comestibles
 f - 7 rations


   Skills:
 + Level 4.8 Fighting
   Level 1.0 Long Blades
 + Level 6.2 Maces & Flails
 - Level 1.0 Throwing
 + Level 2.7 Dodging
 + Level 6.1 Stealth
 + Level 1.1 Evocations


You had 6 spell levels left.
You didn't know any spells.
Your spell library was empty.

Dungeon Overview and Level Annotations

Branches:
Dungeon (5/15)             Temple (0/1) D:4

Altars:
Gozag
Qazlal

Annotations:
D:5 Pikel


Innate Abilities, Weirdness & Mutations

You cannot wear most types of armour.
You are very stealthy in the water. (Stealth+)
You are amphibious.
You can wear up to eight rings at the same time.
You can use your tentacles to constrict eight enemies at once.
Your skin changes colour to match your surroundings (Stealth+).
Your rubbery body absorbs attacks. (AC +1, EV +1)


Message History

Pikel hits you with a whip of electrocution.
You hit Pikel but do no damage.
Pikel is lightly wounded.
You constrict Pikel, but do no damage. Pikel barely misses you.
You completely miss Pikel. You squeeze Pikel.
Pikel is lightly wounded.
You constrict Pikel.
Pikel hits you with a whip of electrocution.
You are electrocuted!
You hit Pikel. You drain Pikel! You squeeze Pikel, but do no damage.
Pikel is moderately wounded.
You constrict Pikel, but do no damage. You hit Pikel. You drain Pikel!
You squeeze Pikel, but do no damage.
Pikel is heavily wounded.
You constrict Pikel.
Pikel hits you with a whip of electrocution!
* * * LOW HITPOINT WARNING * * *
You are electrocuted!
You die...
Your body crumbles into a pile of gold.

#..# #.# ..#
#.## #.# #.# #.#
#.# #.# #.# #.#
#p# #.# #.#
#p#.####.####.#
#p#...........#
##K######.######
#.@.# #.#
####.#.#.####.#
............>..#
.......####.####
##.#... .#
....... .#
.###### .


You could see Pikel and 3 slaves.

Vanquished Creatures
  Eustachio (D:5)
  A slave (D:5)
  2 ogres (D:4)
  A crimson imp (D:5)
  2 orc priests
  A hound (D:4)
  5 orc wizards
  2 worker ants
  3 adders
  An ooze (D:3)
  An adder skeleton (D:4)
  2 worms
  2 dart slugs
  3 leopard geckos
  19 orcs
  2 ball pythons (D:1)
  11 bats
  7 giant cockroaches
  10 goblins
  8 hobgoblins
  2 jackals (D:2)
  A quokka (D:4)
  5 frilled lizards
  A jackal skeleton (D:4)
  7 kobolds
  4 rats
104 creatures vanquished.

Notes
Turn   | Place    | Note
-------+----------+-------------------------------------------
     0 | D:1      | tsouns the Octopode Wanderer began the quest for the Orb.
     0 | D:1      | tsouns set off with: a +2 dagger, a scroll of blinking, a
                  | +0 mace, a potion of lignification, a ration
     0 | D:1      | Reached XP level 1. HP: 16/16 MP: 1/1
   185 | D:1      | Reached XP level 2. HP: 6/21 MP: 2/2
   703 | D:1      | Reached XP level 3. HP: 25/26 MP: 3/3
  1561 | D:2      | Reached XP level 4. HP: 33/33 MP: 4/4
  1795 | D:2      | You fall through a shaft for 2 floors!
  2032 | D:3      | Found a stormy altar of Qazlal.
  2104 | D:2      | Reached skill level 1 in Dodging
  2403 | D:2      | Reached XP level 5. HP: 35/37 MP: 5/5
  3264 | D:4      | Found an opulent altar of Gozag.
  3275 | D:4      | Became a worshipper of Gozag Ym Sagoz the Greedy
  3303 | D:4      | Found a staircase to the Ecumenical Temple.
  3329 | D:4      | Reached XP level 6. HP: 36/43 MP: 6/6
  3648 | D:4      | Reached skill level 5 in Maces & Flails
  3672 | D:4      | Reached skill level 5 in Stealth
  3672 | D:4      | Reached XP level 7. HP: 49/49 MP: 7/7
  4222 | D:5      | Entered Level 5 of the Dungeon
  4487 | D:5      | Noticed Eustachio
  4505 | D:5      | Killed Eustachio
  4543 | D:5      | Noticed Pikel
  4620 | D:5      | Slain by Pikel

Vault maps used:
D:1:      evilmike_arrival_home_sweet_home
D:3:      nicolae_qazlal_eye_of_the_storm
D:4:      minmay_temple_entry_glass, first_ration, grunt_gozag_statues
D:5:      basic_altar, uniq_pikel, uniq_eustachio

Skill      XL: |  1  2  3  4  5  6  7 |
---------------+----------------------+-----
Stealth        | 2 3 4 5 6 |  6.1
Dodging        | 1 2 |  2.7
Maces & Flails | 4 5 6 |  6.2
Fighting       | 4 |  4.8
Long Blades    | |  1.0
Throwing       | |  1.0
Evocations     | |  1.1

Action                   |  1- 3 |  4- 6 |  7- 9 || total
-------------------------+-------+-------+-------++-------
Melee: Mace              |    34 |       |       ||    34
       Constrict         |    16 |    29 |    11 ||    56
       Tentacles         |    10 |    19 |    16 ||    45
       Whip              |    27 |   121 |    49 ||   197
Throw: Stone             |     2 |    24 |       ||    26
       Throwing net      |       |     2 |       ||     2
  Use: Scroll            |     2 |    11 |     3 ||    16
 Stab: Sleeping          |     5 |    10 |     2 ||    17
  Eat: Chunk             |     2 |     5 |       ||     7
       Ration            |       |     1 |     1 ||     2
Armor: Skin              |    15 |     4 |       ||    19
Dodge: Dodged            |    51 |    42 |    21 ||   114

Table legend:
 A = Non-vault XP
 B = Vault XP
 C = Vault XP percentage of total XP
 D = Non-vault monster count
 E = Vault monster count
 F = Vault count percentage of total count
                 A         B        C        D         E       F
            +---------+---------+-------+---------+---------+-------
      Total |     907 |     203 |  18.3 |     102 |       1 |   1.0
            +---------+---------+-------+---------+---------+-------
        D:1 |      43 |       0 |   0.0 |      23 |       0 |   0.0
        D:2 |      59 |       0 |   0.0 |      18 |       0 |   0.0
        D:3 |     157 |       0 |   0.0 |      34 |       0 |   0.0
        D:4 |     465 |       0 |   0.0 |      16 |       0 |   0.0
        D:5 |     183 |     203 |  52.6 |      11 |       1 |   8.3
            +---------+---------+-------+---------+---------+-------
